 Dungeon Crawl Stone Soup version 0.25.0-46-gbd7b0854d2 (webtiles) character file.

Game seed: 1219558743146926632

526 H0rd4k the Insei (level 7, 0/43 HPs)
             Began as an Octopode Transmuter on July 16, 2020.
             Killed from afar by an orc wizard (8 damage)
             ... with a magic dart
             ... on level 4 of the Dungeon.
             The game lasted 00:07:34 (4546 turns).

H0rd4k the Insei (Octopode Transmuter)              Turns: 4546, Time: 00:07:35

Health: 0/43       AC:  1    Str:  9    XL:     7   Next: 23%
Magic:  11/12      EV: 14    Int: 17    God:
Gold:   145        SH:  0    Dex: 13    Spells: 6/13 levels left

rFire    . . .     SeeInvis .     - Unarmed
rCold    . . .     Gourm    .   (no shield)
rNeg     . . .     Faith    +   (helmet restricted)
rPois    +         Spirit   .   m - amulet of faith
rElec    .         Reflect  .   k - ring of poison resistance
rCorr    .         Harm     .   (no ring)
MR       .....                  (no ring)
Stlth    +++.......             (no ring)
HPRegen  0.14/turn              (no ring)
MPRegen  0.13/turn              (no ring)
                                (no ring)
                                (no ring)

@: appendage, slowed, very slow
A: almost no armour, stealthy swim, amphibious, 8 rings, constrict 8, tentacle
spike 3, camouflage 1, gelatinous body 1
a: End Transformation


You were on level 4 of the Dungeon.
You were hungry.
One of your tentacles had a temporary spike.
You visited 1 branch of the dungeon, and saw 6 of its levels.

You collected 145 gold pieces.

Inventory:

Missiles
 a - 34 arrows
 r - 11 poisoned darts (quivered)
Jewellery
 k - a ring of poison resistance (left tentacle)
 m - an amulet of faith (around mantle)
 u - an uncursed amulet of the acrobat {unknown}
 v - a +6 ring of dexterity {unknown}
Scrolls
 b - 2 scrolls of identify {unknown}
 d - a scroll of magic mapping {unknown}
 e - a scroll of immolation {unknown}
 g - a scroll of noise {unknown}
 h - 3 scrolls of teleportation {unknown}
 j - 2 scrolls of remove curse {unknown}
 n - a scroll of enchant armour {unknown}
 p - a scroll of fear {unknown}
Potions
 f - a potion of flight
 i - a potion of cancellation {unknown}
 o - a potion of stabbing {unknown}
 q - a potion of brilliance
 t - a potion of lignification {unknown}
Comestibles
 c - 7 rations


   Skills:
 + Level 1.3 Fighting
 + Level 3.5 Dodging
 + Level 2.9 Stealth
 + Level 5.3 Unarmed Combat
 * Level 3.6 Spellcasting
 * Level 3.4 Transmutations


You had 6 spell levels left.
You knew the following spells:

 Your Spells              Type           Power        Failure   Level  Hunger
a - Beastly Appendage     Tmut           ##....       4%          1    None
b - Sticks to Snakes      Tmut           ##......     6%          2    ##.....
c - Ice Form              Ice/Tmut       #.......     63%         4    ####...

Your spell library contained the following spells:

 Spells                   Type           Power        Failure   Level  Hunger
 Spider Form              Tmut/Pois      #.........   24%         3    ###....
 Blade Hands              Tmut           ##........   73%         5    ######.


Dungeon Overview and Level Annotations

Branches:
Dungeon (6/15)             Temple (0/1) D:6

Altars:

Annotations:
D:2 exclusion: downstairs
D:3 exclusion: downstairs
D:4 exclusion: downstairs
D:5 Grinder


Innate Abilities, Weirdness & Mutations

You cannot wear most types of armour.
You are very stealthy in the water. (Stealth+)
You are amphibious.
You can wear up to eight rings at the same time.
You can use your tentacles to constrict eight enemies at once.
Your skin changes colour to match your surroundings (Stealth+).
Your rubbery body absorbs attacks. (AC +1, EV +1)
One of your tentacles bears a large vicious spike.


Message History

* * * LOW HITPOINT WARNING * * *
You tentacle-slap the orc wizard. You grab the orc wizard.
You pierce the orc wizard.
The orc wizard is moderately wounded.
You constrict the orc wizard.
The orc wizard hits you with a +0 dagger.
* * * LOW HITPOINT WARNING * * *
You feel better.
You constrict the orc wizard, but do no damage.
The orc wizard casts a spell at you.
You feel yourself slow down. The orc wizard closely misses you.
You tentacle-slap the orc wizard but do no damage.
You squeeze the orc wizard!
The orc wizard is almost dead.
You constrict the orc wizard.
The orc wizard hits you with a +0 dagger.
* * * LOW HITPOINT WARNING * * *
The orc wizard gestures at you while chanting.
The magic dart hits you!
You die...

###########..........##...
#..###...... #... ###.##
....# #... #...# .?...$.#.
##.### ......#### ####..#
o....#..### #####....##
...##.......
#.....########....##l......
#.......).@ooS..# ##....#.
##......########.### ######.
#...........>...............
##.....###.........##...####
#.....###...>..S.....
#.......#.........#
#....##...........#
###########...#.### ###...#


You could see an orc wizard (fast), an orc and a ball python.

Vanquished Creatures
  An orc priest (D:4)
  A bullfrog zombie (D:6)
  A bullfrog skeleton (D:4)
  Natasha (twice) (D:3)
  An iguana (D:4)
  3 worker ants (D:4)
  A hound skeleton (D:4)
  3 gnolls
  14 adders
  An ooze (D:3)
  5 worms
  2 dart slugs (D:1)
  A leopard gecko (D:3)
  19 orcs
  7 bats
  2 giant cockroaches
  6 goblins
  8 hobgoblins
  4 jackals (D:2)
  3 quokkas
  3 ball pythons
  2 frilled lizards (D:2)
  6 kobolds
  A leopard gecko skeleton (D:4)
  8 rats
105 creatures vanquished.

Notes
Turn   | Place    | Note
-------+----------+-------------------------------------------
     0 | D:1      | H0rd4k the Octopode Transmuter began the quest for the Orb.
     0 | D:1      | Reached XP level 1. HP: 13/13 MP: 3/3
   363 | D:1      | Reached XP level 2. HP: 18/18 MP: 5/5
  1021 | D:2      | Reached XP level 3. HP: 23/23 MP: 6/6
  1405 | D:2      | Reached skill level 1 in Stealth
  1437 | D:2      | Reached XP level 4. HP: 16/28 MP: 5/7
  1854 | D:2      | Reached skill level 4 in Unarmed Combat
  2189 | D:3      | Noticed Natasha
  2194 | D:3      | Reached XP level 5. HP: 25/33 MP: 6/8
  2332 | D:3      | Killed Natasha
  2409 | D:3      | Noticed Natasha
  2707 | D:4      | Reached XP level 6. HP: 31/38 MP: 8/10
  2711 | D:4      | Learned a level 2 spell: Sticks to Snakes
  2716 | D:4      | Learned a level 4 spell: Ice Form
  3352 | D:3      | Killed Natasha
  3352 | D:3      | Reached skill level 5 in Unarmed Combat
  3776 | D:3      | Reached XP level 7. HP: 37/43 MP: 12/12
  3887 | D:3      | You fall into a shaft and drop 3 floors!
  3887 | D:6      | Found a staircase to the Ecumenical Temple.
  4164 | D:5      | Entered Level 5 of the Dungeon
  4166 | D:5      | Noticed Grinder
  4546 | D:4      | Killed from afar by an orc wizard

Illustrated notes

Levels and vault maps discovered:
D:1:      dpeg_arrival_radiant, layout_loops_cross
D:2:      layout_rooms
D:3:      layout_loops_ring, first_ration, minmay_ruptured, uniq_natasha
D:4:      layout_rooms, nemelex_diamond_rough_becter
D:5:      layout_cave_pools, serial_shops, kennysheep_little_box, shop,
          gammafunk_ghost_stat_death, uniq_grinder
D:6:      layout_basic, minitemple, minmay_temple_entry_from_below_a,
          serial_shops, nicolae_shop_crystal, basic_altar, chequers_jeans

Skill      XL: |  1  2  3  4  5  6 |
---------------+-------------------+-----
Stealth        | 1 2 |  2.9
Dodging        | 3 |  3.5
Unarmed Combat | 4 5 |  5.3
Spellcasting   | 3 |  3.6
Transmutations | 3 |  3.4
Fighting       | |  1.3

Action                   |  1- 3 |  4- 6 |  7- 9 || total
-------------------------+-------+-------+-------++-------
Melee: Unarmed           |    61 |   174 |    42 ||   277
       Constrict         |    18 |    48 |     9 ||    75
       Tentacles         |     9 |    24 |    10 ||    43
       Punch             |     2 |     1 |     1 ||     4
       Kick              |     5 |    40 |    12 ||    57
 Cast: Beastly Appendage |     3 |    27 |     7 ||    37
  Use: Potion            |     3 |       |     1 ||     4
 Stab: Sleeping          |     6 |     5 |       ||    11
  Eat: Chunk             |     2 |     7 |     2 ||    11
Armor: Skin              |     5 |     7 |     1 ||    13
Dodge: Dodged            |    27 |    81 |    22 ||   130
